Map: Whirlwind LE (Void)

Players

Juxtapose - Winner!

  • Race: Zerg Zerg
  • Spawn Location: 1:00

A.I. 1 (Medium)

  • Race: Terran Terran
  • Spawn Location: 11:00

VOD

https://youtu.be/ZX-hFr3tfwo

Description

This is the second match I played against the Versus AI, which is apparently on Normal difficulty.

Time

  • Played on: Dec. 1, 2016, 8:23 p.m.
  • Length: 10:05
Show
View Real Time Build Order
Export as new Build Order

Juxtapose Zerg - Winner!

Build Orders: Pool First 

Get SALT Encoding   

  12  0:02  Drone  
  13  0:13  Overlord  
  13  0:17  Drone  
  15  0:35  Drone  
  15  0:41  Drone  
  15  0:42  Spawning Pool  
  15  0:49  Overlord  
  15  0:55  Drone  
  16  1:06  Drone  
  17  1:14  Drone  
  17  1:18  Extractor  
  17  1:20  Drone  
  18  1:32  Queen, Extractor  
  19  1:34  Drone  
  20  1:46  Drone  
  21  1:52  Drone  
  22  2:03  Drone  
  23  2:20  Drone  
  24  2:34  Overlord  
  24  2:35  Drone  
  25  2:38  Metabolic Boost  
  25  2:52  Drone x2, Hatchery  
  26  3:03  Roach Warren  
  25  3:06  Evolution Chamber  
  25  3:09  Drone  
  25  3:14  Lair  
  25  3:23  Zergling x4  
  25  3:24  Zergling x2  
  28  3:33  Baneling Nest  
  27  3:49  Roach x2, Zergling x4  
  33  4:08  Roach  
  35  4:16  Queen, Drone x2  
  39  4:21  Overlord  
  41  4:24  Roach x2, Zergling x2  
  44  4:38  Spine Crawler  
  43  4:43  Drone x2  
  45  4:53  Infestation Pit  
  45  4:57  Roach  
  45  4:58  Roach x2  
  50  5:02  Overseer  
  50  5:07  Pneumatized Carapace  
  50  5:16  Drone x2  
  52  5:21  Overlord  
  52  5:26  Overseer  
  52  5:41  Pathogen Glands  
  52  5:43  Swarm Host  
  52  5:45  Overlord  
  52  5:48  Zergling x4  
  57  5:50  Burrow  
  52  6:22  Zergling x6  
  52  6:24  Drone  
  52  6:25  Drone x5  
  61  6:31  Extractor  
  60  6:38  Neural Parasite, Extractor  
  59  6:44  Baneling x6  
  59  6:47  Centrifical Hooks  
  50  7:51  Zergling x12  
  53  7:53  Zergling x10  
  59  8:18  Hive  
  63  8:30  Drone x3  
  63  8:31  Hydralisk Den  
  63  9:14  Baneling x4  
  63  9:38  Overlord x3  
Show
View Real Time Build Order
Export as new Build Order

A.I. 1 (Medium) Terran 

Build Orders:  

Get SALT Encoding   

  12  0:00  SCV  
  13  0:13  SCV  
  14  0:19  Supply Depot  
  14  0:25  SCV  
  15  0:40  SCV  
  16  0:43  Barracks  
  16  0:49  Refinery  
  16  0:52  SCV  
  17  1:04  SCV  
  18  1:16  Supply Depot  
  18  1:31  Marine, Barracks, Orbital Command  
  19  1:42  Refinery  
  19  1:49  Barracks Tech Lab  
  19  2:07  Marine  
  20  2:08  Supply Depot  
  20  2:18  Marine  
  21  2:26  Marine  
  21  2:29  SCV  
  23  2:36  Marine  
  24  2:41  SCV  
  24  2:42  Engineering Bay  
  24  2:44  Marine  
  26  2:53  Marine, SCV  
  26  2:56  Supply Depot  
  28  3:01  Marine  
  28  3:05  SCV  
  30  3:17  SCV  
  33  3:20  Marauder  
  33  3:29  SCV  
  36  3:41  Marauder  
  36  5:10  Barracks Tech Lab, SCV  
  36  5:11  Marauder  
  36  5:13  Factory  
  39  5:17  Factory  
  39  5:18  Command Center  
  39  5:19  Missile Turret  
  39  5:20  Missile Turret  
  39  5:22  Ghost Academy, SCV  
  40  5:28  Sensor Tower  
  40  5:31  Supply Depot  
  40  5:32  Marauder  
  40  5:35  Barracks  
  42  5:44  Bunker  
  42  5:53  Marine  
  41  5:59  Starport, Factory Tech Lab  
  41  6:02  Marine  
  32  6:05  Armory, Factory Tech Lab  
  32  6:12  Marauder  
  33  6:21  Marauder  
  33  6:22  Barracks Reactor  
  35  6:31  SCV  
  36  6:33  Marine  
  36  6:34  SCV  
  38  6:42  Marine, Starport Tech Lab, Refinery  
  38  6:43  Missile Turret, SCV  
  38  6:46  Missile Turret, SCV  
  41  6:51  Marine  
  42  6:55  SCV  
  42  6:58  Marine, SCV  
  42  7:01  Raven  
  45  7:07  Marine, SCV  
  47  7:10  SCV  
  45  7:17  Marine, Bunker  
  45  7:19  SCV  
  45  7:22  SCV  
  44  7:26  Ghost  
  42  7:31  SCV  
  42  7:34  SCV  
  42  7:35  Marine  
  41  7:43  SCV  
  41  7:44  Raven  
  40  7:45  Marine  
  40  7:46  SCV  
  43  7:54  Marine  
  43  7:56  SCV  
  44  7:58  SCV  
  44  8:04  Marauder  
  42  8:08  SCV  
  42  8:10  SCV  
  41  8:13  Marauder  
  42  8:20  SCV  
  42  8:22  Marine  
  42  8:25  SCV  
  45  8:31  Marine  
  45  8:32  SCV  
  47  8:41  Marine  
  46  8:42  SCV  
  46  8:46  SCV  
  46  8:50  Marine  
  46  8:54  SCV  
  43  8:59  Marine  
  32  9:07  Viking  
  27  9:23  Marauder  
  24  9:38  Marine  
  14  9:39  SCV  
  11  9:51  SCV  
Tags
 
Add a new tag
Caveats
  • Supply blocks, unpowered buildings, or Contaminate may cause inaccurate times.
  • Supply counts are checked every 10 seconds.